 Dungeon Crawl Stone Soup version 0.28.0-62-gf88900778d (webtiles) character file.

Game seed: 9913952728583086040

3963 cbfl8 the Cleaver (level 10, -4/77 HPs)
             Began as a Minotaur Fighter on Jan 24, 2024.
             Was a Priest of Hepliaklqana.
             Killed from afar by a wretched star (30 damage)
             ... with a lance of force
             ... on level 2 of the Abyss.
             The game lasted 00:06:54 (8655 turns).

cbfl8 the Cleaver (Minotaur Fighter)                Turns: 8655, Time: 00:06:55

Health: -4/77      AC: 15    Str: 22    XL:     10   Next: 2%
Magic:  7/7        EV:  3    Int:  5    God:    Hepliaklqana [***...]
Gold:   74         SH: 14    Dex: 13    Spells: 9/9 levels left

rFire   . . .      SeeInvis .   v - +1 war axe (drain)
rCold   . . .      Faith    .   p - +0 tower shield
rNeg    . . .      Spirit   .   t - +0 plate armour
rPois   .          Reflect  .   (helmet restricted)
rElec   .          Harm     .   (no cloak)
rCorr   .          Rampage  .   (no gloves)
Will    .....                   j - +0 pair of boots
Stlth   ..........              (no amulet)
HPRegen 0.22/turn               f - +4 ring of slaying
MPRegen 0.10/turn               s - ring of flight

@: flying
A: reduced essence, horns 2, retaliatory headbutt, [low MP 2]
a: Renounce Religion, Recall Ancestor, Ancestor Identity, Transference


You were on level 2 of the Abyss.
You worshipped Hepliaklqana.
Hepliaklqana was most pleased with you.
You visited 1 branch of the dungeon, and saw 9 of its levels.
You visited the Abyss 1 time.

You collected 314 gold pieces.
You spent 240 gold pieces at shops.

Inventory:

Hand Weapons
 v - a +1 war axe of draining (weapon)
Armour
 j - a +0 pair of boots (worn)
 p - a +0 tower shield (worn)
 t - a +0 plate armour (worn)
Jewellery
 f - a +4 ring of slaying (left hand)
 l - a ring of protection from cold
 s - a ring of flight (right hand)
Wands
 b - a wand of charming (11)
 c - a wand of flame (11)
Scrolls
 a - a scroll of enchant armour {unknown}
 e - a scroll of magic mapping
 k - a scroll of silence
 m - 3 scrolls of identify
 n - a scroll of enchant weapon
 o - a scroll of teleportation
 q - a scroll of blinking
 r - 2 scrolls of brand weapon {unknown}
Potions
 d - 2 potions of might
 g - 2 potions of curing
 h - 2 potions of mutation
 i - 3 potions of flight


   Skills:
 + Level 7.3 Fighting
 + Level 11.0 Axes
 + Level 8.5 Armour
 + Level 6.3 Shields
 * Level 5.7 Evocations


You had 9 spell levels left.
You didn't know any spells.
Your spell library contained the following spells:

 Spells                   Type           Power      Damage    Failure   Level
 Magic Dart               Conj           0%         1d3       100%        1
 Call Imp                 Summ           0%         N/A       100%        2
 Mephitic Cloud           Conj/Pois/Air  0%         N/A       100%        3


Dungeon Overview and Level Annotations

Branches:
Dungeon (10/15)            Temple (0/1) D:7
   Lair: D:8-11         Orc: D:9-12

Altars:
Gozag
Hepliaklqana

Shops:
D:2 [   D:4 ?   D:5 (

Annotations:
D:5 3 runed translucent doors, Psyclone's ghost, weakling DECj
D:10 Erolcha


Innate Abilities, Weirdness & Mutations

Your life essence is reduced to manifest your ancestor. (-10% HP)
You have a pair of horns on your head.
You reflexively headbutt those who attack you in melee.
[Your magical capacity is very low. (-20% MP)]


Message History

The smoke demon gestures at you. Something smites you!
You slash the smoke demon!
The smoke demon is moderately wounded.
The smoke demon hits you but does no damage.
You block the smoke demon's attack.
The smoke demon hits you but does no damage.
Unknown command.
You slash the smoke demon! You headbutt the smoke demon!
The smoke demon is almost dead.
The smoke demon hits you. You block the smoke demon's attack. x2
Valentine hits the smoke demon with a +0 quarterstaff!!
The smoke demon dies!
Unknown command.
You are too injured to fight recklessly!
Okay, then.
A wretched star comes into view.
The wretched star glows turbulently.
You block the lance of force.
The wretched star pulses with an eldritch light!
The wretched star pulses with an eldritch light!
You are too injured to fight recklessly!
You are too injured to fight recklessly!
The wretched star pulses with an eldritch light!
You hit the wretched star.
The wretched star is lightly damaged.
Valentine hits the wretched star with a +0 quarterstaff!
You slash the wretched star!
The wretched star is heavily damaged.
The wretched star glows turbulently.
The lance of force hits you!
You are knocked back by the lance of force.
Valentine points at the wretched star and mumbles some strange words.
The puff of frost hits the wretched star but does no damage.
Valentine gestures at the wretched star while chanting.
The puff of frost hits the wretched star.
The wretched star resists.
The wretched star glows turbulently.
The lance of force hits you!!
You die...

#.###.. #..# #. .# . ...
.............# ..# ...
.... ...........##..# ...
.................... .
.#.....#.....# ... #
..###...###...###.#
.....#.....#.....#..##..#
... .. ...................
.. ... .........@.........
..............R*....##..##
.....#.....#.....#..# .# #
..###...###...###... .. .
.. #.....#.....# ..... . _
..# ...#...##..##.§.# §
#....#..### . # #.## #
#.#.##.#. #.# .. .#. ..##
.#


You could see the friendly Valentine the battlemage and a wretched star (ally
target).

Vanquished Creatures
  A thrashing horror (Abyss:2)
  Pikel (D:7)
  4 yaks (D:7)
  A steam dragon (D:3)
  An acid dragon (D:8)
  2 water moccasins (D:6)
  An orc warrior (D:6)
  A hornet zombie (D:6)
  An ogre (D:4)
  3 centaurs
  2 necrophages
  2 phantoms
  A scorpion (D:6)
  3 centaur zombies
  A bullfrog zombie (D:6)
  2 jellies
  2 orc priests
  3 hounds
  An orc wizard (D:5)
  A killer bee zombie (D:7)
  6 adders
  An ufetubus (D:6)
  2 adder skeletons (D:4)
  2 worms
  4 dart slugs
  14 orcs
  10 ball pythons
  6 bats
  12 endoplasms
  7 goblins
  5 hobgoblins
  2 quokkas
  A frilled lizard (D:3)
  9 kobolds
  6 rats
121 creatures vanquished.

Vanquished Creatures (collateral kills)
  A smoke demon (Abyss:2)
  Maggie (D:7)
  A water moccasin (D:6)
  Duvessa (D:7)
  A black bear (D:5)
  2 centaurs
  A kobold brigand (D:7)
  A scorpion (D:6)
  Dowan (D:7)
  A bullfrog zombie (D:6)
  An orc priest (D:5)
  A centaur skeleton (D:6)
  2 iguanas (D:6)
  An orc wizard (D:5)
  A hound zombie (D:5)
  An adder (D:4)
  A shadow imp (D:7)
  An adder zombie (D:5)
  An orc (D:5)
  A hobgoblin (D:3)
22 creatures vanquished.

Vanquished Creatures (others)
  2 battlemagi (D:7)
  10 plants
12 creatures vanquished.

Grand Total: 155 creatures vanquished

Notes
Turn   | Place    | Note
-------+----------+-------------------------------------------
     0 | D:1      | cbfl8 the Minotaur Fighter began the quest for the Orb.
     0 | D:1      | Reached XP level 1. HP: 19/19 MP: 0/0
   235 | D:1      | Reached XP level 2. HP: 27/27 MP: 1/1
   696 | D:2      | Found Utilaz's Armour Shoppe.
   897 | D:2      | Found a hazy altar of Hepliaklqana.
   912 | D:2      | Reached skill level 3 in Axes
   912 | D:2      | Reached skill level 1 in Evocations
   912 | D:2      | Reached XP level 3. HP: 33/33 MP: 2/2
   918 | D:2      | Became a worshipper of Hepliaklqana the Forgotten
  1651 | D:3      | Reached XP level 4. HP: 35/40 MP: 3/3
  1860 | D:3      | Noticed a shining eye
  1865 | D:3      | Found a faded altar of an unknown god.
  1866 | D:3      | Reached * piety under Hepliaklqana
  1867 | D:3      | Noticed a floating eye
  2022 | D:3      | Reached skill level 4 in Axes
  2130 | D:3      | Noticed a golden eye
  2134 | D:3      | Noticed an eye of devastation
  2176 | D:3      | Noticed a steam dragon
  2181 | D:3      | Killed a steam dragon
  2182 | D:3      | Reached skill level 5 in Axes
  2182 | D:3      | Reached XP level 5. HP: 30/42 MP: 4/4
  2428 | D:4      | Noticed a necrophage
  2433 | D:4      | Killed a necrophage
  2434 | D:4      | Reached XP level 6. HP: 42/47 MP: 5/5
  2568 | D:4      | Reached skill level 5 in Armour
  2710 | D:4      | Reached skill level 6 in Axes
  3103 | D:4      | Reached XP level 7. HP: 54/54 MP: 6/6
  3108 | D:4      | Reached ** piety under Hepliaklqana
  3109 | D:4      | Remembered your ancestor Valentine as a battlemage
  3124 | D:4      | Found Ebucau Onip's Magic Scroll Shop.
  3127 | D:4      | Bought a scroll of teleportation for 39 gold pieces
  3127 | D:4      | Bought a scroll of blinking for 97 gold pieces
  3456 | D:5      | Entered Level 5 of the Dungeon
  3784 | D:5      | Found Nyatoklo's Antique Weapon Emporium.
  4017 | D:5      | Reached skill level 5 in Fighting
  4034 | D:5      | Found a runed translucent gate.
  4036 | D:5      | Found a runed translucent gate.
  4039 | D:5      | Found a runed translucent gate.
  4040 | D:5      | Found an opulent altar of Gozag.
  4041 | D:5      | Noticed Psyclone's ghost (weakling DECj)
  4065 | D:5      | Reached skill level 7 in Axes
  4543 | D:5      | Reached XP level 8. HP: 49/61 MP: 7/7
  4784 | D:5      | Reached skill level 8 in Axes
  5321 | D:4      | Bought a scroll of identify for 26 gold pieces
  5506 | D:6      | Found an opulent altar of Gozag.
  5678 | D:6      | Reached *** piety under Hepliaklqana
  6391 | D:6      | Reached skill level 9 in Axes
  6828 | D:6      | Reached XP level 9. HP: 61/67 MP: 8/8
  6995 | D:7      | Noticed Pikel
  7014 | D:7      | Killed Pikel
  7015 | D:7      | Reached skill level 5 in Shields
  7204 | D:7      | Noticed Dowan
  7206 | D:7      | Noticed Duvessa
  7209 | D:7      | Killed Duvessa
  7210 | D:7      | Reached skill level 10 in Axes
  7216 | D:7      | Killed Dowan
  7217 | D:7      | Reached skill level 5 in Evocations
  7307 | D:7      | Noticed Maggie
  7315 | D:7      | Killed Maggie
  7968 | D:7      | Found a staircase to the Ecumenical Temple.
  8220 | D:4      | Bought a scroll of identify for 26 gold pieces
  8220 | D:4      | Bought a scroll of identify for 26 gold pieces
  8220 | D:4      | Bought a scroll of identify for 26 gold pieces
  8428 | D:8      | Reached XP level 10. HP: 77/77 MP: 9/9
  8504 | D:8      | Reached skill level 11 in Axes
  8522 | D:8      | You are sucked into a shaft and drop 2 floors!
  8522 | D:10     | Entered Level 10 of the Dungeon
  8525 | D:10     | Noticed Erolcha
  8530 | D:10     | Cast into level 2 of the Abyss (Erolcha)
  8577 | Abyss:2  | Noticed a wretched star
  8586 | Abyss:2  | Noticed a thrashing horror
  8593 | Abyss:2  | Killed a thrashing horror
  8629 | Abyss:2  | Found an iron altar of Okawaru.
  8634 | Abyss:2  | Noticed a smoke demon
  8641 | Abyss:2  | Killed a smoke demon
  8647 | Abyss:2  | Noticed a wretched star
  8655 | Abyss:2  | Killed from afar by a wretched star

Illustrated notes

Levels and vault maps discovered:
D:1:      matt_arrival_grand_opening, layout_loops_ring
D:2:      layout_loops_ring, basic_altar, serial_shops,
          nicolae_shop_statue_plus, serial_bayou, serial_bayou_lake_a,
          serial_bayou_lagoon_b, serial_bayou_shore_b, serial_bayou_pond_c
D:3:      layout_loops_ring, hellmonk_ecumenical_altar_watching_god
D:4:      layout_loops_ring, serial_shops, nicolae_shop_behind_doors,
          serial_forest, infiniplex_forest_clump_medium,
          infiniplex_forest_lined_2, infiniplex_forest_lined_room_3,
          infiniplex_forest_end_2, infiniplex_forest_end_2,
          infiniplex_forest_end_1, infiniplex_forest_straight_2,
          infiniplex_forest_straight_2
D:5:      layout_layer_cave, serial_shops, nicolae_shop_behind_doors,
          ebering_ghost_gozag, chequers_serial_rivers_small_b, nrook_uturn
D:6:      layout_loops_corners, grunt_gozag_breadcrumbs
D:7:      nicolae_BIG_FREAKIN_CUBE, layout_loops_cross,
          minmay_temple_entry_crystal_x, amcnicky_mini_pool_small,
          dk_noncrumbling_4, kennysheep_nondescript, uniq_pikel, uniq_duvessa,
          uniq_maggie
D:8:      layout_rooms
D:10:     layout_loops_ring, uniq_josephine, uniq_fannar, uniq_erolcha
Abyss:2:  base: D:4, abyss_exit_lava, evilmike_abyss_exit_15

Skill      XL: |  1  2  3  4  5  6  7  8  9 10 |
---------------+-------------------------------+-----
Shields        | 4 6 |  6.3
Fighting       | 4 5 6 7 |  7.3
Axes           | 3 5 6 7 9 10 11 | 11.0
Armour         | 4 5 6 7 8 |  8.5
Evocations     | 1 2 3 4 5 |  5.7

Action                   |  1- 3 |  4- 6 |  7- 9 | 10-12 || total
-------------------------+-------+-------+-------+-------++-------
Melee: War axe           |    78 |    52 |   158 |    17 ||   305
       Headbutt          |     4 |     8 |    27 |     3 ||    42
Invok: Ancestor Identity |       |     1 |       |       ||     1
       Ancestor Life: Ba |       |       |     1 |       ||     1
       Recall Ancestor   |       |       |       |     2 ||     2
  Use: Scroll            |       |       |     8 |     2 ||    10
       Potion            |       |       |     1 |       ||     1
 Stab: Distracted        |       |       |     1 |       ||     1
Armor: Scale mail        |    32 |    19 |    36 |       ||    87
       Plate armour      |       |       |    29 |    15 ||    44
Dodge: Dodged            |    39 |    24 |    34 |       ||    97
Block: Buckler           |    15 |     7 |    14 |       ||    36
       Tower shield      |       |       |    81 |    15 ||    96
